 Dungeon Crawl Stone Soup version 0.31-a0-188-g5e087ee2ca (webtiles) character file.

Game seed: 10960491126914095061

176810 Anon1729 the Warrior (level 17, -5/159 (160) HPs)
             Began as a Minotaur Monk on June 23, 2023.
             Was a High Priest of Uskayaw.
             Slain by a death scarab (13 damage)
             ... on level 4 of the Spider Nest.
             The game lasted 00:33:18 (38689 turns).

Anon1729 the Warrior (Minotaur Monk)               Turns: 38689, Time: 00:33:19

HP:   -5/159 (160)  AC: 14    Str: 24    XL:     17   Next: 52%
MP:   20/26         EV: 25    Int: 10    God:    Uskayaw [*****.]
Gold: 1016          SH:  0    Dex: 25    Spells: 16/16 levels left

rFire   + . .        A - +9 quick blade (venom)
rCold   + + .        d - orb {light}
rNeg    + . .        I - +0 ring mail of the Eagle {rElec rPois rC+ rN+}
rPois   +            V - +1 hat {Int+3}
rElec   +            Z - scarf {rC+ rF+}
rCorr   .            s - +2 pair of gloves
SInv    .            i - +3 pair of boots of the Dice {Dex+4}
Will    ++...        Y - amulet of faith
Stlth   ++           x - ring of Lior {Wiz *Slow Str+6 Slay+4 Stlth+}
HPRegen 0.46/turn    m - ring of Dithmenos's Whim {*Corrode rPois Will+ Dex+2 Slay+5}
MPRegen 0.20/turn

%: corrode self (3%), slow self (1%), faith, wizardry (x1)
@: corroded, slowed, glowing, studying Ranged Weapons, lightly drained, very
slow
A: horns 2, retaliatory headbutt, wild magic 1
a: Renounce Religion, Stomp, Line Pass, Grand Finale


You were on level 4 of the Spider Nest.
You worshipped Uskayaw.
Uskayaw was pleased with you.
You visited 5 branches of the dungeon, and saw 27 of its levels.
You also visited: Gauntlet and Ice Cave.

You collected 2407 gold pieces.
You spent 1391 gold pieces at shops.

Inventory:

Hand Weapons
 A - a +9 quick blade of venom (weapon)
 U - a +9 dagger of electrocution
Missiles
 q - 2 throwing nets
 F - 4 curare-tipped darts
Armour
 c - a +1 buckler of cold resistance
 d - an orb of light (worn)
 i - the +3 pair of boots of the Dice (worn) {Dex+4}
   (You found it on level 2 of the Spider Nest)

   Dex:       It affects your dexterity (+4).
 s - a +2 pair of gloves (worn)
 I - the +0 ring mail of the Eagle (worn) {rElec rPois rC+ rN+}
   (You found it on level 7 of the Dungeon)

   rC:        It protects you from cold.
   rElec:     It insulates you from electricity.
   rPois:     It protects you from poison.
   rN:        It protects you from negative energy.
 V - a +1 hat of intelligence (worn)
 Z - a scarf of resistance (worn)
Jewellery
 m - the ring of Dithmenos's Whim (right hand) {*Corrode rPois Will+ Dex+2 Slay+5}
   (You acquired it on level 4 of the Spider Nest)

   [ring of poison resistance]

   Dex:       It affects your dexterity (+2).
   Slay:      It affects your accuracy & damage with ranged weapons and melee
   (+5).
   rPois:     It protects you from poison.
   *Corrode:  It may corrode you when you take damage.
   Will:      It increases your willpower.
 w - a ring of protection from fire
 x - the ring of Lior (left hand) {Wiz *Slow Str+6 Slay+4 Stlth+}
   (You bought it in a shop on level 2 of the Orcish Mines)

   [ring of wizardry]

   It improves your spell success rate.
   Str:       It affects your strength (+6).
   Slay:      It affects your accuracy & damage with ranged weapons and melee
   (+4).
   *Slow:     It may slow you when you take damage.
   Stlth:     It makes you more stealthy.
 G - a ring of willpower
 H - a ring of flight
 R - a ring of resist corrosion
 Y - an amulet of faith (around neck)
Wands
 b - a wand of flame (34)
 v - a wand of roots (13)
 y - a wand of acid (18)
 D - a wand of digging (13)
 K - a wand of paralysis (16)
 W - a wand of mindburst (14)
Scrolls
 a - 5 scrolls of summoning
 g - 5 scrolls of amnesia
 h - 10 scrolls of teleportation
 j - 5 scrolls of enchant armour
 l - 3 scrolls of fog
 o - 4 scrolls of silence
 r - 6 scrolls of identify
 u - 3 scrolls of immolation
 z - 7 scrolls of fear
 M - 4 scrolls of vulnerability
 Q - 4 scrolls of poison
 X - a scroll of blinking
Potions
 e - 9 potions of curing
 f - 5 potions of magic
 k - 6 potions of heal wounds
 n - 7 potions of enlightenment
 p - 4 potions of brilliance
 t - 3 potions of mutation
 C - 3 potions of berserk rage
 E - 4 potions of attraction
 J - 2 potions of resistance
 N - 6 potions of lignification
 O - 3 potions of haste
 P - 3 potions of might
 T - 4 potions of invisibility


   Skills:
 + Level 16.8 Fighting
 + Level 15.4 Short Blades
 + Level 16.2 Armour
 + Level 15.4 Dodging
 * Level 4.1 Stealth
 + Level 6.4 Shields
 + Level 13.7 Invocations
 + Level 8.4 Evocations


You had 16 spell levels left.
You didn't know any spells.
Your spell library contained the following spells:

 Spells                   Type           Power      Damage    Failure   Level
 Apportation              Tloc           0%         N/A       26%         1
 Freeze                   Ice            0%         1d3       26%         1
 Necrotise                Necr           0%         1d4       26%         1
 Summon Small Mammal      Summ           0%         N/A       26%         1
 Lesser Beckoning         Tloc           0%         N/A       34%         2
 Frozen Ramparts          Ice            0%         1d1       56%         3
 Gell's Gravitas          Tloc           0%         N/A       56%         3
 Hailstorm                Conj/Ice       0%         3d3       56%         3
 Stone Arrow              Conj/Erth      0%         3d7       56%         3
 Teleport Other           Tloc           0%         N/A       56%         3
 Animate Armour           Summ/Erth      0%         N/A       89%         4
 Leda's Liquefaction      Hex/Erth       0%         N/A       89%         4
 Iskenderun's Battlesphe  Conj           0%         2d6       99%         5
 Lee's Rapid Deconstruct  Erth           0%         3d4*      99%         5
 Leda's Unmaking          Conj/Erth      0%         9d1       100%        6
 Simulacrum               Ice/Necr       0%         N/A       100%        6
 Statue Form              Tmut/Erth      0%         N/A       100%        6
 Ozocubu's Refrigeration  Ice            0%         4d7       100%        7
 Spellforged Servitor     Conj/Summ      0%         N/A       100%        7
 Lehudib's Crystal Spear  Conj/Erth      0%         10d2      100%        8
 Polar Vortex             Ice            0%         N/A       100%        9


Dungeon Overview and Level Annotations

Branches:
Dungeon (15/15)            Temple (1/1) D:5            Lair (5/5) D:8
 Shoals (0/4) Lair:2       Spider (4/4) Lair:2        Slime (0/5) Lair:4
    Orc (2/2) D:10            Elf (0/3) Orc:2        Vaults (0/5) D:14
 Depths (0/4) D:15          IceCv (visited)         Gauntlet (visited)

Altars:
Ashenzari
Cheibriados
Dithmenos
Elyvilon
Fedhas
Gozag
Hepliaklqana
Kikubaaqudgha
Makhleb
Nemelex Xobeh
Okawaru
Qazlal
Ru
Sif Muna
Trog
Uskayaw
Vehumet
Wu Jian
Xom
Yredelemnul
Zin
The Shining One
Lugonu

Shops:
D:3 [   D:9 [   D:10 =(:*[[   D:12 *   D:13 [   Orc:2 (*=[

Portals:
Abyss: Lair:5

Annotations:
D:7 1 runed translucent door, bmj180's ghost, novice DrFE
D:10 2 transporters
Lair:3 exclusion: oklob plant


Innate Abilities, Weirdness & Mutations

You have a pair of horns on your head.
You reflexively headbutt those who attack you in melee.
Your spells are a little harder to cast, but a little more powerful.


Message History

Aiming: Grand Finale
Press: ? - help, Shift-Dir - straight line, f - spectral wolf spider
Aim: a spectral wolf spider (wandering, hasn't noticed you)
You fail to use your ability.
The tarantella zombie is no longer sharing its pain.
The jumping spider zombie is no longer sharing its pain.
The death scarab is no longer sharing its pain.
The spectral culicivora is no longer sharing its pain.
The death scarab bites you!
* * * LOW HITPOINT WARNING * * *
The death scarab drains your vigour!
You feel as though you will be slow longer.
The death scarab draws strength from your injuries!
The spectral culicivora completely misses you.
The death scarab completely misses you. You furiously retaliate!
You headbutt the death scarab!
The spectral redback completely misses you.
The jumping spider zombie barely misses you. x2
The spectral culicivora completely misses you.
The tarantella zombie hits you but does no damage.
The jumping spider zombie barely misses you.
You furiously retaliate!
You headbutt the jumping spider zombie! The jumping spider zombie misses you.
The spectral culicivora bites you.
* * * LOW HITPOINT WARNING * * *
The tarantella zombie hits you but does no damage.
Aiming: Grand Finale
Press: ? - help, Shift-Dir - straight line, f - death scarab, p - spectral wolf spider
Aim: a death scarab (almost destroyed, haloed)
You fail to use your ability.
The spectral redback seems less confused.
The jumping spider zombie pounces on you.
* * * LOW HITPOINT WARNING * * *
The jumping spider zombie barely misses you.
The death scarab barely misses you.
The spectral culicivora completely misses you.
You furiously retaliate!
You headbutt the spectral culicivora! The tarantella zombie misses you.
The jumping spider zombie misses you.
The jumping spider zombie closely misses you.
The death scarab bites you!
You die...

#...~##...###########^ #
#..^~~#..^#$ $φ! !# #
#^...~#...#.#######.# #
#..#.~#...#$^!.[.$.[# #
#.....#..##...$.[...# #^~~~. #
#....^#..^#.........# #~~~^.##
#~.^..#...#.........# #~~~..##
#~.#..#..^#..Z.B....# ~~~#.##
#~~...##..#.^^Z@....# ~~...##
#~~~..#...###†ZZZ'### ##~...##
#~#~..#...^^......... #~~...##
#~~~..#............?..# #.~~..##
#~~...#^#........#..... #.~~~.##
#~^...###################.#~~.##
#....#.......^.............~~.##
#...~~......†..............~~###
#.#~~~~...#........#~....^..~~##


You could see a spectral wolf spider, a spectral redback, a spectral culicivora,
a death scarab, a jumping spider zombie and a tarantella zombie.

Vanquished Creatures
  Gastronok (Lair:1)
  4 emperor scorpions
  An orc warlord (Orc:2)
  4 ghost moths
  3 spark wasps
  A fire dragon (shapeshifter) (D:13)
  Josephine (Lair:4)
  An ettin (D:15)
  6 entropy weavers
  5 hydras
  Erolcha (D:12)
  3 jorogumos
  4 boulder beetles
  A catoblepas (D:13)
  An ogre mage (D:15)
  8 death yaks
  4 centaur warriors
  7 radroaches
  7 two-headed ogres
  6 death scarabs (Spider:4)
  3 tengu warriors
  5 orc high priests (Orc:2)
  4 thrashing horrors (Lair:5)
  Sonja (D:12)
  17 demonic crawlers
  A fire crab (Gauntlet)
  9 pharaoh ants
  A sun moth (Spider:4)
  A goliath frog (shapeshifter) (D:13)
  Lodul (D:10)
  A deep troll (D:15)
  11 orb spiders
  A spectral jorogumo (Spider:4)
  A wizard (D:15)
  A spectral wolf spider (Spider:4)
  A harpy (shapeshifter) (Lair:5)
  6 steelbarb worms
  5 orc knights (Orc:2)
  A wolf spider zombie (Spider:4)
  8 wolf spiders
  3 deep elf pyromancers
  2 necromancers
  3 manticores
  An orc sorcerer (D:15)
  10 cyclopes
  23 ugly things
  9 elephants (Lair:5)
  7 moths of wrath
  A merfolk siren (Lair:2)
  6 black mambas
  2 ice statues (IceCv)
  4 smoke demons (Lair:5)
  7 torpor snails
  11 cane toads
  Maggie (D:7)
  A gargoyle (D:13)
  2 rime drakes
  2 spectral redbacks (Spider:4)
  2 yaktaurs (D:15)
  2 efreet (D:14)
  2 ancient zymes (Lair:5)
  11 komodo dragons
  An anaconda simulacrum (IceCv)
  6 ice devils (IceCv)
  10 meliai
  A merfolk (Lair:2)
  2 spectral tarantellas (Spider:4)
  A troll (Orc:2)
  2 spectral culicivoras (Spider:4)
  3 polar bears
  26 tarantellas
  2 spectral jumping spiders (Spider:4)
  A raiju (shapeshifter) (D:14)
  26 blink frogs
  5 dream sheep (Lair:4)
  Sigmund (D:4)
  28 jumping spiders
  A jumping spider (shapeshifter) (D:14)
  A dire elephant simulacrum (IceCv)
  A shadow (D:10)
  A centaur simulacrum (D:14)
  27 culicivoras
  A ynoxinul (Lair:5)
  A spriggan (shapeshifter) (D:14)
  7 wraiths
  3 fire bats (Gauntlet)
  6 wyverns
  38 yaks
  2 steam dragons
  7 basilisks
  39 redbacks
  3 chaos spawn (Lair:5)
  5 vampire mosquitoes
  Edmund (D:4)
  An acid dragon (D:10)
  2 harpy simulacra (IceCv)
  10 small abominations (Lair:5)
  Duvessa (D:6)
  16 water moccasins
  3 hell hounds (Gauntlet)
  5 ice beasts
  6 black bears
  42 orc warriors
  A sky beast (D:6)
  21 ogres
  7 wolves
  4 centaurs
  2 phantoms
  A kobold brigand (D:7)
  11 bullfrogs
  3 gnoll sergeants
  A two-headed ogre simulacrum (IceCv)
  2 cane toad simulacra (IceCv)
  5 scorpions
  3 wights (D:8)
  Dowan (D:6)
  An elephant simulacrum (IceCv)
  8 killer bees
  2 electric eels
  4 howler monkeys
  4 hounds
  A jelly (D:5)
  42 orc priests
  3 iguanas
  19 orc wizards
  2 spriggan simulacra (IceCv)
  A troll simulacrum (IceCv)
  A polar bear simulacrum (IceCv)
  A wolf simulacrum (IceCv)
  6 adders
  34 gnolls
  2 naga simulacra (IceCv)
  5 white imps
  4 ufetubi
  3 worms
  2 dart slugs (D:1)
  74 orcs
  7 ball pythons
  6 bats
  2 endoplasms
  9 giant cockroaches
  7 goblins
  7 hobgoblins
  2 jackals (D:1)
  6 quokkas
  3 frilled lizards
  12 kobolds
  5 rats
952 creatures vanquished.

Vanquished Creatures (others)
  A blink frog (Lair:5)
  An orc warrior (D:9)
  A gnoll (D:8)
3 creatures vanquished.

Grand Total: 955 creatures vanquished

Notes
Turn   | Place    | Note
-------+----------+-------------------------------------------
     0 | D:1      | Anon1729 the Minotaur Monk began the quest for the Orb.
     0 | D:1      | Reached XP level 1. HP: 19/19 MP: 0/0
   166 | D:1      | Reached XP level 2. HP: 20/27 MP: 1/1
   228 | D:1      | Reached skill level 1 in Armour
   492 | D:1      | Reached skill level 1 in Invocations
   593 | D:1      | Reached XP level 3. HP: 30/33 MP: 2/2
  1280 | D:2      | Found a faded altar of an unknown god.
  2123 | D:3      | Reached XP level 4. HP: 30/40 MP: 4/4
  2217 | D:3      | Noticed an ogre
  2218 | D:3      | Found Gehomok's Antique Armour Emporium.
  2319 | D:4      | Reached XP level 5. HP: 36/47 MP: 5/5
  2354 | D:4      | Noticed an ogre
  2365 | D:4      | Killed an ogre
  2377 | D:4      | Noticed an ogre
  2494 | D:3      | Reached XP level 6. HP: 29/55 MP: 6/6
  2567 | D:3      | Reached skill level 5 in Fighting
  2967 | D:4      | Reached XP level 7. HP: 16/61 MP: 8/8
  3297 | D:4      | Identified the +2 robe of Patrutyafi {Str+2 Stlth+}
  3324 | D:4      | Reached skill level 5 in Dodging
  3435 | D:4      | Reached skill level 5 in Short Blades
  3787 | D:4      | Noticed Edmund
  3810 | D:4      | Killed Edmund
  3827 | D:4      | Noticed Sigmund
  3836 | D:4      | HP: 1/60 [Sigmund/+0 scythe (10)]
  3841 | D:4      | HP: 2/60 [Sigmund/+0 scythe (6)]
  3844 | D:4      | Killed Sigmund
  3845 | D:4      | Reached XP level 8. HP: 3/70 MP: 9/9
  4266 | D:5      | Entered Level 5 of the Dungeon
  4287 | D:5      | Found a staircase to the Ecumenical Temple.
  4357 | D:5      | Reached skill level 5 in Armour
  4969 | D:5      | Found a hazy altar of Hepliaklqana.
  5011 | Temple   | Entered the Ecumenical Temple
  5263 | D:6      | Noticed Duvessa
  5269 | D:6      | Noticed Dowan
  5291 | D:6      | Killed Duvessa
  5297 | D:6      | Killed Dowan
  5367 | D:6      | Reached skill level 5 in Invocations
  5519 | D:6      | Reached XP level 9. HP: 69/79 MP: 11/11
  5689 | D:6      | Identified the +6 hand axe "Oxewaemm" {flame, Int+3 Dex+2}
  6249 | D:7      | Noticed Maggie
  6277 | D:7      | Killed Maggie
  6920 | D:7      | Identified the +0 ring mail of the Eagle {rElec rPois rC+
                  | rN+}
  6929 | D:7      | Found a runed translucent door.
  6929 | D:7      | Noticed bmj180's ghost (novice DrFE)
  7377 | D:8      | Found a transporter.
  7435 | D:8      | Reached XP level 10. HP: 58/90 MP: 13/13
  7565 | D:8      | Found a transporter.
  7572 | D:8      | Noticed a centaur warrior
  7579 | D:8      | Found a transporter.
  7579 | D:8      | Found a transporter.
  7583 | D:8      | Found a transporter.
  7583 | D:8      | Found a transporter.
  8141 | D:8      | Found a staircase to the Lair.
  8293 | D:8      | Killed a centaur warrior
  8648 | D:8      | Found an ornate altar of the Wu Jian Council.
  9117 | D:8      | Found a snail-covered altar of Cheibriados.
  9150 | D:8      | Found a shimmering altar of Xom.
  9194 | D:8      | Found a hide-covered altar of Uskayaw.
  9280 | D:8      | Became a worshipper of Uskayaw the Reveller
  9280 | D:8      | Reached * piety under Uskayaw
  9302 | D:9      | Reached ** piety under Uskayaw
  9362 | D:9      | Reached *** piety under Uskayaw
  9748 | D:9      | Found Zedgheceu's Antique Armour Shop.
 10053 | D:10     | Entered Level 10 of the Dungeon
 10053 | D:10     | Found Viwer's Jewellery Boutique.
 10087 | D:10     | Found Zionwo's Antique Weapon Shop.
 10160 | D:10     | Found Micim's General Store.
 10161 | D:10     | Noticed a walking earthen tome
 10257 | D:10     | Noticed Lodul
 10281 | D:10     | Reached **** piety under Uskayaw
 10282 | D:10     | Killed Lodul
 10284 | D:10     | Reached ***** piety under Uskayaw
 10285 | D:10     | Reached XP level 11. HP: 78/99 MP: 15/15
 10350 | D:10     | Found Muybiun's Book Shoppe.
 10352 | D:10     | Noticed a walking divine tome
 10355 | D:10     | Bought a scroll of fog for 52 gold pieces
 10355 | D:10     | Bought a potion of might for 52 gold pieces
 10355 | D:10     | Bought a scroll of poison for 52 gold pieces
 10454 | D:10     | Reached skill level 10 in Fighting
 10686 | D:10     | Found a staircase to the Orcish Mines.
 10701 | D:10     | Found Uhiuneun's Armour Emporium.
 10854 | D:10     | Found a transporter.
 10854 | D:10     | Found Rim Lapp's Armour Shoppe.
 10881 | D:10     | Found a transporter.
 11109 | D:11     | Noticed a green ugly thing
 11128 | D:11     | Killed a green ugly thing
 11720 | D:11     | Identified the staff of Putrescence {rPois rC+ Earth}
 11749 | D:11     | Noticed a boulder beetle
 11809 | D:11     | Killed a boulder beetle
 12354 | D:12     | Noticed Erolcha
 12383 | D:11     | Reached skill level 10 in Armour
 12613 | D:12     | Killed Erolcha
 12614 | D:12     | Reached skill level 10 in Dodging
 12828 | D:12     | Noticed Sonja
 12851 | D:12     | Killed Sonja
 12852 | D:12     | Reached skill level 10 in Short Blades
 13356 | D:12     | Noticed a white ugly thing
 13476 | D:12     | Reached XP level 12. HP: 64/110 MP: 13/17
 13901 | D:12     | Found Yzea's General Store.
 13911 | D:12     | Bought a potion of enlightenment for 50 gold pieces
 13911 | D:12     | Bought a potion of attraction for 30 gold pieces
 13911 | D:12     | Bought a scroll of vulnerability for 40 gold pieces
 13960 | D:13     | Noticed a tengu warrior
 13960 | D:13     | Noticed a tengu warrior
 13992 | D:12     | Killed a tengu warrior
 14237 | D:13     | Found a gate leading to a gauntlet.
 14244 | Gauntlet | Entered a Gauntlet
 14244 | Gauntlet | Found a transporter.
 14244 | Gauntlet | Found a transporter.
 14244 | Gauntlet | Found a transporter.
 14262 | Gauntlet | Noticed a death yak
 14262 | Gauntlet | Noticed a death yak
 14262 | Gauntlet | Noticed a death yak
 14264 | Gauntlet | Found a transporter.
 14274 | Gauntlet | Found a transporter.
 14295 | Gauntlet | Found a transporter.
 14305 | Gauntlet | Found a transporter.
 14311 | Gauntlet | Found a transporter.
 14353 | Gauntlet | Found a transporter.
 14371 | Gauntlet | Found a transporter.
 14376 | Gauntlet | Found a transporter.
 14398 | Gauntlet | Found a transporter.
 14475 | Gauntlet | Killed a death yak
 14484 | Gauntlet | Killed a death yak
 14490 | Gauntlet | Killed a death yak
 14490 | Gauntlet | Reached ****** piety under Uskayaw
 14498 | Gauntlet | Identified the amulet "Gadik" {Harm rF- rN+ Regen+ rCorr}
 14725 | Gauntlet | Identified the staff of Superiority {rF+ rN+ Str+3 Int+3
                  | Dex-2 Fire}
 14747 | Gauntlet | Noticed a minotaur
 15017 | D:13     | Noticed a two-headed ogre
 15041 | D:13     | Killed a two-headed ogre
 15170 | D:13     | Killed a tengu warrior
 15576 | D:13     | Found Lylet's Antique Armour Boutique.
 15773 | D:13     | Noticed a catoblepas
 15799 | D:13     | Killed a catoblepas
 15878 | D:13     | Noticed a fire dragon
 15904 | D:13     | Killed a fire dragon
 16345 | Orc:1    | Entered Level 1 of the Orcish Mines
 16684 | Orc:1    | Reached skill level 10 in Invocations
 17496 | Lair:1   | Entered Level 1 of the Lair of Beasts
 17730 | Lair:1   | Noticed Gastronok
 17745 | Lair:1   | Killed Gastronok
 17746 | Lair:1   | Reached XP level 13. HP: 119/119 MP: 19/19
 18264 | Lair:2   | Found a hole to the Spider Nest.
 18674 | Lair:2   | Found a staircase to the Shoals.
 18778 | Lair:2   | Reached skill level 1 in Evocations
 20167 | Lair:4   | Found a staircase to the Slime Pits.
 20787 | Lair:4   | Noticed Josephine
 20796 | Lair:4   | Killed Josephine
 21333 | Lair:4   | Reached XP level 14. HP: 117/129 MP: 21/21
 21484 | Lair:5   | Entered Level 5 of the Lair of Beasts
 22999 | Lair:5   | Identified the +1 leather armour of Nihilism {rElec}
 23653 | Lair:5   | Identified the +1 leather armour of Nisa {rElec Str+2 Int-2
                  | Slay+3}
 24098 | Lair:5   | Found a corrupted altar of Lugonu.
 24098 | Lair:5   | Found a one-way gate to the infinite horrors of the Abyss.
 24106 | Lair:5   | Identified the ring "Rokhon" {Str+3 Dex+6 Slay+2}
 25155 | Lair:1   | Identified a scroll of acquirement
 25260 | Orc:2    | Entered Level 2 of the Orcish Mines
 25260 | Orc:2    | Found a frozen archway.
 25278 | Orc:2    | Noticed an orc warlord
 25293 | Orc:2    | Killed an orc warlord
 25296 | Orc:2    | Reached skill level 5 in Evocations
 25441 | IceCv    | Entered an ice cave
 26455 | IceCv    | Noticed a reaper
 27220 | Orc:2    | Reached skill level 1 in Shields
 27381 | Orc:2    | Found a staircase to the Elven Halls.
 27503 | Orc:2    | Reached XP level 15. HP: 135/139 MP: 22/22
 28046 | Orc:2    | Gained mutation: Your spells are a little harder to cast,
                  | but a little more powerful. [a neqoxec]
 28242 | Orc:2    | Found Elecua Obio's General Store.
 28242 | Orc:2    | Found Jotupoebb's Antique Weapon Emporium.
 28243 | Orc:2    | Found Icuagg's Armour Emporium.
 28243 | Orc:2    | Found Zagg's Jewellery Shoppe.
 28250 | Orc:2    | Bought a scroll of fear for 56 gold pieces
 28250 | Orc:2    | Bought a scroll of teleportation for 42 gold pieces
 28255 | Orc:2    | Bought the ring of Lior {Wiz *Slow Str+6 Slay+4 Stlth+} for
                  | 1017 gold pieces
 28305 | Orc:2    | Acquired a +5 quick blade of venom
 28596 | D:14     | Found a shimmering altar of Xom.
 28777 | D:14     | Reached skill level 15 in Fighting
 28895 | D:14     | Found a gate to the Vaults.
 29258 | D:15     | Entered Level 15 of the Dungeon
 29660 | D:15     | Found a staircase to the Depths.
 30952 | Spider:1 | Entered Level 1 of the Spider Nest
 31219 | Spider:1 | Reached skill level 5 in Shields
 31638 | Spider:1 | Reached XP level 16. HP: 149/149 MP: 24/24
 31645 | Spider:1 | Reached skill level 15 in Armour
 33067 | Spider:2 | You fall into a shaft and drop 1 floor!
 33887 | Spider:3 | Identified the +1 robe of Zomes {rN+}
 34675 | Spider:4 | Entered Level 4 of the Spider Nest
 35271 | Spider:2 | Reached skill level 15 in Short Blades
 35607 | Spider:2 | Reached skill level 15 in Dodging
 36236 | Spider:2 | Reached skill level 1 in Stealth
 36379 | Spider:2 | Identified the +3 pair of boots of the Dice {Dex+4}
 36725 | Spider:4 | Reached XP level 17. HP: 159/159 MP: 26/26
 37751 | Spider:4 | Acquired the ring of Dithmenos's Whim {*Corrode rPois Will+
                  | Dex+2 Slay+5}
 38504 | Spider:4 | Paralysed by a jorogumo for 1 turns
 38689 | Spider:4 | Slain by a death scarab

Illustrated notes

Levels and vault maps discovered:
D:1:      wheals_arrival_linesprint, layout_basic
D:2:      layout_loops_corners, dreamdust_ecumenical_altar_hidden_monk_grotto
D:3:      layout_basic, serial_shops, shop
D:4:      wad_crossroads, layout_rooms, sigmund_edmund_badplayer
D:5:      layout_rooms, lemuel_coloured_pillars_altar, temple_pool_b,
          serial_bayou_pond_a, kennysheep_donut
D:6:      layout_loops_ring, uniq_duvessa
D:7:      layout_loops_cross, gammafunk_ghost_grave, uniq_maggie
D:8:      layout_rooms, pf_just_have_faith, eat_drink_and_be_merry_uskayaw,
          general_overflow_altar, mainiacjoe_overflow_alcove_1,
          hellmonk_lair_entry_icy, serial_nicolae_subway,
          nicolae_sub_station_stone, nicolae_sub_station_metal,
          nicolae_sub_station_crystal
D:9:      layout_cave_pods, serial_shops, shop, minmay_fountain_box
D:10:     layout_small_grid, orc_david_3, serial_shops, shop,
          nicolae_stop_n_shop_2, nicolae_shop_drivethru,
          nicolae_shop_tiny_statue_garden, nicolae_shop_mannequins, uniq_lodul
D:11:     layout_loops_ring
D:12:     layout_cross, serial_shops, shop, uniq_erolcha, uniq_sonja
D:13:     layout_basic, gauntlet_entry_generic, serial_shops, shop
D:14:     layout_rooms, david_vaults_2, lemuel_tele_altar
D:15:     hangedman_depths_entry_civil_slaughter, layout_basic,
          wad_floor_pattern_untrapped
Temple:   nicolae_temple_bog_church
Lair:1:   layout_regular_city, nicolae_quartered_pool_little,
          serial_bayou_crossing, lemuel_fruit_tree, infiniplex_staircase_pool,
          uniq_gastronok
Lair:2:   layout_misc_corridors, elwin_shoals_entry_rooms,
          hellmonk_spider_entry_not_the_bees
Lair:3:   layout_cave_pods
Lair:4:   layout_gridlike, slime_entry_1, hangedman_lair_generics_rect,
          uniq_josephine
Lair:5:   hellmonk_lair_end_abyssal_woods, layout_cellular_growth,
          nicolae_lair_lil_pond, serial_bayou_shore_b, serial_bayou_shore_a
Spider:1: layout_spider_delve, nicolae_crawler_farm
Spider:2: nicolae_spider_hilbert_zone_1 [nicolae_spider_hilbert_4_sides_1_open,
          nicolae_spider_hilbert_4_sides_1_open,
          nicolae_spider_hilbert_4_sides_1_open,
          nicolae_spider_hilbert_4_sides_1_open,
          nicolae_spider_hilbert_3_sides_1_open,
          nicolae_spider_hilbert_3_sides_1_open,
          nicolae_spider_hilbert_3_sides_1_open,
          nicolae_spider_hilbert_3_sides_1_open,
          nicolae_spider_hilbert_3_sides_1_open,
          nicolae_spider_hilbert_6_sides_1_open,
          nicolae_spider_hilbert_6_sides_1_open,
          nicolae_spider_hilbert_3_sides_1_open,
          nicolae_spider_hilbert_3_sides_1_open,
          nicolae_spider_hilbert_3_sides_1_open,
          nicolae_spider_hilbert_3_sides_1_open,
          nicolae_spider_hilbert_2_sides_1_open]
Spider:3: layout_cave_pods
Spider:4: floodkiller_spider_rune_tomb, drop_trap
Orc:1:    layout_caves, minmay_orc_temple_b
Orc:2:    st_orc_pillars, layout_diamond_mine, portal_ice_cave_entry_pillars_2

Skill      XL: |  1  2  3  4  5  6  7  8  9 10 11 12 13 14 15 16 17 |
---------------+----------------------------------------------------+-----
Armour         | 1 2 3 4 6 7 9 10 11 13 14 15 16 | 16.2
Fighting       | 4 5 6 7 8 9 11 12 13 14 15 16 | 16.8
Invocations    | 1 2 3 5 6 7 8 10 11 12 13 | 13.7
Short Blades   | 4 5 6 7 9 10 11 12 13 14 15 | 15.4
Dodging        | 4 5 6 7 9 10 11 12 13 14 15 | 15.4
Evocations     | 3 5 6 8 |  8.4
Shields        | 1 5 6 |  6.4
Stealth        | 1 4 |  4.1

Action                     |  1- 3 |  4- 6 |  7- 9 | 10-12 | 13-15 | 16-18 || total
---------------------------+-------+-------+-------+-------+-------+-------++-------
  Melee: Short sword       |   114 |    86 |   533 |  1050 |       |       ||  1783
         Headbutt          |    19 |    17 |   170 |   387 |   458 |   279 ||  1330
         Dagger            |       |       |       |    31 |  1118 |       ||  1149
         Quick blade       |       |       |       |       |   334 |   813 ||  1147
  Throw: Dart              |       |       |       |     1 |       |       ||     1
 Invoke: Stomp             |       |       |       |     5 |     3 |     3 ||    11
         Line Pass         |       |       |       |     7 |     1 |     1 ||     9
         Grand Finale      |       |       |       |       |     4 |       ||     4
  Evoke: Wand              |       |       |     6 |    17 |    11 |     1 ||    35
    Use: Potion            |       |       |     2 |     2 |       |     1 ||     5
         Scroll            |       |       |       |    15 |    12 |     7 ||    34
   Stab: Paralysed         |       |       |       |    49 |   114 |    67 ||   230
         Confused          |       |       |       |     4 |       |       ||     4
         Sleeping          |       |       |       |       |     1 |     1 ||     2
 Armour: Robe              |    12 |     1 |    38 |       |       |       ||    51
         Acid dragon scale |       |       |    22 |       |       |       ||    22
         Ring mail         |       |       |     5 |   150 |   241 |   125 ||   521
  Dodge: Dodged            |    60 |    38 |   186 |   354 |   689 |   406 ||  1733
  Block: Orb               |       |       |       |    74 |    91 |       ||   165
         Reflection        |       |       |       |     2 |     1 |       ||     3
         Buckler           |       |       |       |       |    61 |       ||    61

Table legend: (Time is in decaauts)
 A = Elapsed time spent in this place.
 B = Non-inter-level travel time spent in this place.
 C = Inter-level travel time spent in this place.
 D = Time resting spent in this place.
 E = Time spent auto-exploring this place.
 F = Levels seen in this place.
 G = Mean time per level.
                   A        B        C        D        E       F      G
               +--------+--------+--------+--------+--------+-----+--------+
         Total |  36904 |  34941 |   1963 |   4869 |  25383 |  29 | 1272.6 |
       Dungeon |  17677 |  16313 |   1364 |   2445 |  11884 |  15 | 1178.5 |
        Temple |    202 |    177 |     25 |      0 |    163 |   1 |  202.0 |
          Lair |   7380 |   7110 |    270 |    201 |   6051 |   5 | 1476.0 |
   Spider Nest |   7543 |   7349 |    194 |   1289 |   5132 |   4 | 1885.8 |
  Orcish Mines |   2545 |   2436 |    109 |    254 |   1694 |   2 | 1272.5 |
      Ice Cave |   1074 |   1074 |      0 |    514 |    258 |   1 | 1074.0 |
      Gauntlet |    479 |    479 |      0 |    165 |    199 |   1 |  479.0 |
               +--------+--------+--------+--------+--------+-----+--------+

Top non-repeatable levels by time:
  Lair:5: 2760 daAuts
Spider:3: 2087 daAuts
Spider:2: 2086 daAuts
Spider:1: 1696 daAuts
Spider:4: 1674 daAuts
    D:12: 1672 daAuts
   Orc:2: 1616 daAuts
     D:7: 1596 daAuts
    D:15: 1540 daAuts
    D:11: 1494 daAuts
  Lair:4: 1289 daAuts
    D:10: 1267 daAuts
    D:13: 1262 daAuts
     D:4: 1257 daAuts
  Lair:2: 1204 daAuts
